 Dungeon Crawl Stone Soup version 0.20-a0-345-gbfb25ec (webtiles) character file.

493 FitzyFitz the Skirmisher (level 6, -6/52 HPs)
             Began as a Mummy Abyssal Knight on Dec 22, 2016.
             Was a Priest of Lugonu.
             Killed by divine providence
             ... invoked by an orc priest
              (9 damage)
             ... on level 5 of the Dungeon.
             The game lasted 00:08:12 (3692 turns).

FitzyFitz the Skirmisher (Mummy Abyssal Knight)     Turns: 3692, Time: 00:08:13

Health: -6/52      AC:  9    Str: 16    XL:     6   Next: 92%
Magic:  7/7        EV:  6    Int: 13    God:    Lugonu [***...]
Gold:   164        SH:  0    Dex: 11    Spells: 5/5 levels left

rFire  + . .     SeeInvis .     t - +1 trident (venom)
rCold  + . .     Gourm    .     s - +1 chain mail
rNeg   + + +     Faith    .     (no shield)
rPois  ∞         Spirit   .     (no helmet)
rElec  .         Reflect  .     (no cloak)
rCorr  .         Harm     .     (no gloves)
MR     .....                    (no boots)
Stlth  ..........               (no amulet)
                                o - ring of protection from fire
                                i - ring of protection from fire

@: no status effects
A: no food or potions, fire vulnerability, cold resistance 1, negative energy
resistance 3, torment resistance, unbreathing
a: Depart the Abyss, Bend Space, Banish, Renounce Religion


You were on level 5 of the Dungeon.
You worshipped Lugonu.
Lugonu was most pleased with you.
You were not hungry.

You visited 1 branch of the dungeon, and saw 5 of its levels.
You visited the Abyss 1 time.

You collected 164 gold pieces.

Inventory:

Hand Weapons
 a - a +1 mace
 c - a cursed -2 mace
 k - a +0 hunting sling
 r - a +0 war axe
 t - a +1 trident of venom (weapon)
 u - a +0 flail
Missiles
 e - 2 throwing nets (quivered)
 f - 6 tomahawks
 m - 47 sling bullets
 n - 59 stones
Armour
 b - a +0 leather armour
 g - a +0 ring mail
 s - a +1 chain mail (worn)
Jewellery
 d - an uncursed ring of resist corrosion
 i - a ring of protection from fire (left hand)
 j - an uncursed ring of fire
 o - a ring of protection from fire (right hand)
Scrolls
 h - a scroll of enchant weapon
 l - 2 scrolls of enchant armour
 p - a scroll of teleportation
 q - a scroll of fog


   Skills:
 + Level 6.1 Fighting
 - Level 4.3 Maces & Flails
 - Level 1.5 Armour
 - Level 0.7 Dodging
 - Level 1.5 Invocations


You had 5 spell levels left.
You didn't know any spells.

Dungeon Overview and Level Annotations

Branches:
Dungeon (5/15)
 Temple: D:4-7

Altars:
Trog

Shops:
D:5 =


Innate Abilities, Weirdness & Mutations

You do not eat or drink.
Your flesh is vulnerable to fire.
You are immune to poison.
Your flesh is cold resistant. (rC+)
You are immune to negative energy. (rN+++)
You are immune to unholy pain and torment.
You can survive without breathing.


Message History

You kill the orc!
Lugonu accepts your kill. The orc closely misses you.
The orc priest calls down the wrath of Beogh upon you.
Beogh smites you!
You hit the orc.
The orc is poisoned.
The orc is severely wounded.
The orc priest mumbles some strange prayers to Beogh against you.
Beogh smites you! The orc hits you but does no damage.
You kill the orc!
Lugonu accepts your kill.
The orc priest calls down the wrath of Beogh upon you.
Beogh smites you!
The orc priest invokes the aid of Beogh against you.
Beogh smites you!
* * * LOW HITPOINT WARNING * * *
There is a stone staircase leading up here.
The orc priest calls down the wrath of Beogh upon you.
Beogh smites you!
You die...

####
...#+#######+###
####.............#
..............>..#
#......@......#
#.............# .
#....o........# ...
#.............#
.....#.#.###....####
.......)....####.#
#.....#.#).## .#
#.∩...'....... ..
#.....#.#..#### #


You could see an orc priest.

Vanquished Creatures
  An ogre (D:4)
  A jelly (D:3)
  A hound (D:4)
  An orc priest (D:3)
  2 orc wizards (D:3)
  Jessica (D:3)
  Terence (D:3)
  A worker ant (D:4)
  Ijyb (D:3)
  A howler monkey skeleton (D:4)
  3 adders (D:2)
  2 oozes
  An adder skeleton (D:4)
  5 dart slugs
  A leopard gecko (D:1)
  19 orcs
  14 bats
  2 giant cockroaches
  9 goblins
  3 hobgoblins
  6 jackals (D:1)
  A quokka (D:4)
  3 frilled lizards
  5 kobolds
  8 rats
93 creatures vanquished.

Notes
Turn   | Place    | Note
-------+----------+-------------------------------------------
     0 | Abyss:1  | FitzyFitz the Mummy Abyssal Knight began the quest for the Orb.
     0 | Abyss:1  | Reached XP level 1. HP: 18/18 MP: 2/2
   100 | Abyss:1  | Noticed a spatial vortex
   104 | Abyss:1  | Noticed a spatial vortex
   109 | Abyss:1  | Noticed a small abomination
   124 | Abyss:1  | Noticed an iron imp
   138 | Abyss:1  | Noticed a smoke demon
   160 | Abyss:1  | Noticed a hellephant
   173 | Abyss:1  | Noticed a raiju
   174 | D:1      | Escaped the Abyss
   264 | D:1      | Reached * piety under Lugonu
   284 | D:1      | Reached XP level 2. HP: 24/24 MP: 3/3
   747 | D:1      | Reached XP level 3. HP: 29/29 MP: 4/4
  1296 | D:2      | Reached ** piety under Lugonu
  1551 | D:2      | Reached XP level 4. HP: 35/35 MP: 5/5
  1986 | D:3      | Noticed Ijyb
  2001 | D:3      | Killed Ijyb
  2200 | D:3      | Found a bloodstained altar of Trog.
  2201 | D:3      | Noticed Terence
  2229 | D:3      | Killed Terence
  2229 | D:3      | Reached XP level 5. HP: 28/41 MP: 6/6
  2374 | D:3      | Noticed Jessica
  2382 | D:3      | Killed Jessica
  2677 | D:3      | Reached skill level 4 in Fighting
  2720 | D:3      | Reached XP level 6. HP: 21/49 MP: 7/7
  3048 | D:4      | Reached skill level 5 in Fighting
  3440 | D:4      | Reached *** piety under Lugonu
  3453 | D:4      | Reached skill level 6 in Fighting
  3673 | D:5      | Entered Level 5 of the Dungeon
  3677 | D:5      | Found Jagahunt's Jewellery Emporium.
  3688 | D:5      | HP: 2/52 [orc priest/divine providence (14)]
  3692 | D:5      | Killed from afar by an orc priest

Vault maps used:
D:1:      dpeg_arrival_pits, serial_forest, infiniplex_forest_clump_tiny,
          infiniplex_forest_lined_corner, infiniplex_forest_lined_ring,
          infiniplex_forest_end_3, infiniplex_forest_lined_3_way,
          infiniplex_forest_3_way, infiniplex_forest_clump_small
D:3:      trog_three_pillars_becter, uniq_jessica, uniq_terence, uniq_iyjb
D:5:      lemuel_insect_pit, serial_shops, shop, first_bread
Abyss:1:  hangedman_summoners_spam

Skill      XL: |  1  2  3  4  5  6 |
---------------+-------------------+-----
Maces & Flails | 2 3 4 |  4.3
Fighting       | 4 6 |  6.1
Armour         | |  1.5
Dodging        | |  0.7
Invocations    | |  1.5

Action                   |  1- 3 |  4- 6 || total
-------------------------+-------+-------++-------
Melee: Mace              |   128 |    80 ||   208
       Trident           |       |   125 ||   125
Throw: Throwing net      |       |     2 ||     2
Invok: Depart the Abyss  |     1 |       ||     1
  Use: Scroll            |       |     7 ||     7
Armor: Leather armour    |     3 |       ||     3
       Ring mail         |    75 |    29 ||   104
       Chain mail        |       |   103 ||   103
Dodge: Dodged            |   105 |    72 ||   177
